 Dungeon Crawl Stone Soup version 0.30-a0-341-g682706514a (webtiles) character file.

Game seed: 5460908654775564859

144394 Shayle the Destroyer (level 17, -7/170 HPs)
             Began as a Naga Reaver on Nov 2, 2022.
             Was an Elder of Ashenzari.
             Killed from afar by Aizul (12 damage)
             ... with a bolt of poison
             ... on level 1 of the Snake Pit.
             The game lasted 02:17:33 (36517 turns).

Shayle the Destroyer (Naga Reaver)                 Turns: 36517, Time: 02:17:34

Health: -7/170     AC: 15    Str: 15    XL:     17   Next: 10%
Magic:  0/59       EV: 11    Int: 20    God:    Ashenzari [****..]
Gold:   298        SH:  0    Dex: 11    Spells: 6/38 levels left

rFire   + + .      SeeInvis +    t - +8 falchion of Qiosch {freeze, rF+ MP+9 SInv}
rCold   + . .      Faith    .    u - +2 buckler "Esoteric Regret" {reflect, Fort, Elem} (curse)
rNeg    . . .      Spirit   +    A - +2 robe of Ashenzari's Fanaticism {rC+ rF+, Bglg, Self} (curse)
rPois   .          Reflect  +    o - +2 helmet of the Restrained Disgust {Comp, Bglg} (curse)
rElec   .          Harm     .    f - +0 cloak "Per Aspera Ad Scientiam" {Melee, Alch} (curse)
rCorr   .          Rampage  .    b - +0 pair of gloves
Will    ++...      Clarity  +    (no barding)
Stlth   ++........               D - amulet of guardian spirit
HPRegen 0.48/turn                h - ring "Cosmic Lifelessness" {MP+9, Elem, Range} (curse)
MPRegen 0.36/turn                G - ring "Share My Oblivion" {MP+9, Cun, Self} (curse)

@: confused, lethally poisoned (-7 -> -44), ambrosia-drunk, poison vulnerable,
very slightly contaminated, very slow
A: AC +5, large, see invisible, deformed body, poison resistance, slowness 2,
spit poison 1, naga tail 2
}: 1/15 runes: barnacled
a: Spit Poison, Renounce Religion, Curse Item, Shatter the Chains


You were on level 1 of the Snake Pit.
You worshipped Ashenzari.
Ashenzari was greatly pleased with you.
You visited 6 branches of the dungeon, and saw 24 of its levels.

You collected 3331 gold pieces.
You spent 3033 gold pieces at shops.

Inventory:

Hand Weapons
 t - the +8 falchion of Qiosch (weapon) {freeze, rF+ MP+9 SInv}
   (You found it on level 4 of the Dungeon)

   It freezes those it strikes, dealing additional cold damage.
   It can also slow down cold-blooded creatures.
   rF:        It protects you from fire.
   MP:        It affects your magic capacity (+9).
   SInv:      It lets you see invisible.
 z - a +4 scimitar of flaming
 I - a +4 morningstar of freezing
Missiles
 m - 5 silver javelins
 w - 2 throwing nets (quivered)
 E - 3 atropa-tipped darts
 K - 4 curare-tipped darts
Armour
 b - a +0 pair of gloves (worn)
 f - the cursed +0 cloak "Per Aspera Ad Scientiam" (worn) {Melee, Alch}
   (You found it on level 4 of the Lair of Beasts)

   It has a curse which improves the following skills: Melee Combat: Short
   Blades, Long Blades, Axes, Maces & Flails, Polearms, Staves and Unarmed
   Combat.
   Alchemy:   Poison Magic and Transmutations.
 o - the cursed +2 helmet of the Restrained Disgust (worn) {Comp, Bglg}
   (You found it on level 2 of the Dungeon)

   It has a curse which improves the following skills: Companions: Summonings
   and Necromancy.
   Beguiling: Conjurations, Hexes and Translocations.
 u - the cursed +2 buckler "Esoteric Regret" (worn) {reflect, Fort, Elem}
   (You bought it in a shop on level 4 of the Dungeon)

   It has a curse which improves the following skills: Fortitude: Armour and
   Shields.
   Elements:  Fire Magic, Ice Magic, Air Magic and Earth Magic.
 A - the cursed +2 robe of Ashenzari's Fanaticism (worn) {rC+ rF+, Bglg, Self}
   (You took it off Erica on level 8 of the Dungeon)

   It has a curse which improves the following skills: Beguiling: Conjurations,
   Hexes and Translocations.
   Introspection: Fighting and Spellcasting.
 N - the +3 hat of Pondering {ponderous, Will+ MP+10 Int+5}
   (You bought it in a shop on level 2 of the Orcish Mines)

   Int:       It affects your intelligence (+5).
   MP:        It affects your magic capacity (+10).
   Will:      It increases your willpower.
Jewellery
 h - the cursed ring "Cosmic Lifelessness" (left hand) {MP+9, Elem, Range}
   (You acquired it on level 6 of the Dungeon)

   [ring of magical power]

   MP:        It affects your magic capacity (+9).
   It has a curse which improves the following skills: Elements: Fire Magic, Ice
   Magic, Air Magic and Earth Magic.
   Ranged Combat: Ranged Weapons and Throwing.
 i - a ring of fire
 D - an amulet of guardian spirit (around neck)
 G - the cursed ring "Share My Oblivion" (right hand) {MP+9, Cun, Self}
   (You found it on level 9 of the Dungeon)

   [ring of magical power]

   MP:        It affects your magic capacity (+9).
   It has a curse which improves the following skills: Cunning: Dodging and
   Stealth.
   Introspection: Fighting and Spellcasting.
 L - the ring "Nemugrijan" {+Blink Will+++ Str+6 Int+4 Stlth-}
   (You bought it in a shop on level 3 of the Shoals)

   [ring of strength]

   Str:       It affects your strength (+6).
   Int:       It affects your intelligence (+4).
   +Blink:    It lets you blink.
   Will:      It greatly increases your willpower.
   Stlth:     It makes you less stealthy.
 M - a ring of protection from cold
Wands
 k - a wand of mindburst (5)
 v - a wand of digging (11)
 y - a wand of flame (50)
 J - a wand of polymorph (4)
Scrolls
 c - 3 scrolls of teleportation
 p - 9 scrolls of magic mapping
 q - a scroll of summoning
 r - 4 scrolls of amnesia
 s - 2 scrolls of butterflies
 B - 3 scrolls of poison
Potions
 a - a potion of invisibility
 d - a potion of mutation
 e - 2 potions of resistance
 j - 4 potions of cancellation
 n - 4 potions of haste
 x - 3 potions of magic
 C - 2 potions of brilliance
 F - a potion of berserk rage


   Skills:
 + Level 12.1(15.0) Fighting
 - Level 6.8(8.8) Maces & Flails
 + Level 3.3(5.1) Ranged Weapons
 - Level 5.0(6.9) Armour
 - Level 5.3(7.3) Dodging
 - Level 7.6(9.6) Stealth
 - Level 2.9(4.5) Shields
 + Level 10.4(12.4) Unarmed Combat
 * Level 8.3(11.3) Spellcasting
 + Level 13.6(16.5) Conjurations
 - Level 4.8(6.7) Necromancy
 + Level 10.4(12.4) Transmutations
 + Level 4.7(7.5) Fire Magic
 + Level 10.2(13.2) Air Magic
 + Level 8.4(10.4) Poison Magic


You had 6 spell levels left.
You knew the following spells:

 Your Spells              Type           Power      Damage    Failure   Level
a - Kiss of Death         Conj/Necr      100%       2d13      1%          1
b - Airstrike             Air            29%        2d(5-21)  1%          4
c - Vhi's Electric Charg  Tloc/Air       76%        N/A       1%          3
d - Arcjolt               Conj/Air       31%        1d41      1%          5
e - Orb of Destruction    Conj           33%        9d10      7%          7
f - Freezing Cloud        Conj/Ice/Air   25%        6-21      3%          5
g - Olgreb's Toxic Radia  Pois           52%        N/A       1%          4
h - Ignite Poison         Fire/Tmut/Pois 51%        N/A       1%          3

Your spell library contained the following spells:

 Spells                   Type           Power      Damage    Failure   Level
 Magic Dart               Conj           100%       1d8       0%          1
 Shock                    Conj/Air       100%       1d9       0%          1
 Searing Ray              Conj           100%       2d8       0%          2
 Beastly Appendage        Tmut           100%       N/A       1%          1
 Momentum Strike          Conj/Tloc      90%        3d10      1%          2
 Poisonous Vapours        Pois/Air       100%       N/A       1%          2
 Wereblood                Tmut           57%        N/A       1%          2
 Hailstorm                Conj/Ice       45%        3d10      1%          3
 Kindle Blastsparks       Fire/Tloc/Air  78%        2d16      1%          3
 Mephitic Cloud           Conj/Pois/Air  60%        N/A       1%          3
 Spider Form              Tmut/Pois      54%        N/A       1%          3
 Swiftness                Air            59%        N/A       1%          3
 Vampiric Draining        Necr           38%        2d8       1%          3
 Irradiate                Conj/Tmut      31%        3d22      1%          5
 Fulminant Prism          Conj/Hex       22%        3d12      2%          4
 Summon Lightning Spire   Summ/Air       38%        N/A       4%          4
 Slow                     Hex            48%        N/A       6%          1
 Eringya's Noxious Bog    Tmut/Pois      27%        N/A       11%         6
 Yara's Violent Unravell  Hex/Tmut       18%        3d9       16%         5
 Confusing Touch          Hex            12%        N/A       19%         3
 Ozocubu's Armour         Ice            12%        N/A       19%         3
 Summon Guardian Golem    Hex/Summ       12%        N/A       21%         3
 Storm Form               Tmut/Air       29%        N/A       32%         7
 Spellforged Servitor     Conj/Summ      22%        N/A       90%         7
 Maxwell's Capacitive Co  Air            29%        ∞         91%         8
 Ozocubu's Refrigeration  Ice            6%         4d8       100%        7
 Ignition                 Fire           20%        3d7       100%        8
 Chain Lightning          Conj/Air       31%        3d42      100%        9
 Fire Storm               Conj/Fire      28%        8d7       100%        9
 Shatter                  Erth           6%         3d9*      100%        9


Dungeon Overview and Level Annotations

Branches:
Dungeon (11/15)            Temple (1/1) D:4            Lair (5/5) D:9
 Shoals (4/4) Lair:3        Snake (1/4) Lair:3        Slime (0/5) Lair:5
    Orc (2/2) D:10            Elf (0/3) Orc:2

Altars:
Ashenzari
Cheibriados
Dithmenos
Elyvilon
Fedhas
Gozag
Hepliaklqana
Kikubaaqudgha
Makhleb
Nemelex Xobeh
Okawaru
Qazlal
Ru
Sif Muna
Trog
Uskayaw
Vehumet
Wu Jian
Xom
Yredelemnul
Zin
The Shining One
Ignis
Jiyva
Lugonu

Shops:
D:4 [   D:5 :((   D:10 *   Orc:2 **=(?   Shoals:3 =

Portals:
Abyss: Shoals:2
Pandemonium: Orc:2

Annotations:
D:4 3 runed translucent doors, Bediveer's ghost, amateur TeAE
D:5 Menkaure
Lair:3 1 runed translucent door, Liwostraq's ghost, journeyman MeFi
Shoals:2 1 runed translucent door
Snake:1 Aizul


Innate Abilities, Weirdness & Mutations

Your serpentine skin is tough. (AC +5)
You have supernaturally acute eyesight. (SInv)
Armour fits poorly on your strangely shaped body.
Your system is resistant to poisons. (rPois)
You cover ground very slowly.
You can spit poison.
You can use your snake-like lower body to constrict enemies.


Message History

Unknown command.
You hit Aizul but do no damage. Your grab misses Aizul.
Aizul is almost dead.
Aizul hits you. x2
* * * LOW HITPOINT WARNING * * *
Casting: Orb of Destruction (dangerous; 7% risk of failure)
Confirm with . or Enter, or press ? or * to list all spells.
Aiming: Airstrike (safe; 1% risk of failure)
Press: ? - help, Dir - move target, f/p - Aizul
Aim: Aizul (magical condensation, almost dead, empty space bonus: 5/8)
The air twists around and strikes Aizul.
Aizul is almost dead.
You block Aizul's attack.
Unknown command.
Casting: Airstrike (safe; 1% risk of failure)
Confirm with . or Enter, or press ? or * to list all spells.
Aiming: Airstrike (safe; 1% risk of failure)
Press: ? - help, Dir - move target, f/p - Aizul
Aim: Aizul (almost dead, empty space bonus: 5/8)
The air twists around and strikes Aizul.
Aizul is almost dead.
Aizul hits you but does no damage. Aizul hits you!
* * * LOW HITPOINT WARNING * * *
You hit Aizul. You freeze Aizul. You grab Aizul.
Aizul is almost dead.
You constrict Aizul.
Aizul coils herself and waves her upper body at you.
The bolt of poison hits you!!
You are poisoned.
* * * LOW HITPOINT WARNING * * *
Aizul hits you!
* * * LOW HITPOINT WARNING * * *
You are confused.
You feel invigorated.
You constrict Aizul.
* * * LOW HITPOINT WARNING * * *
You feel very sick.
Aizul coils herself and waves her upper body at you.
The bolt of poison hits you!
You are more poisoned.
You die...

...# #.# , ...# #.# ** * ...#
#.# ,# , ...# #.# .# ,
...######## #.# ######.##
..........# ###.####.......#. ,
..........# ##................
..........# #.................
..........# #..@S.....§††)..N.,,
..........####...##..#N........,
.................##..#........N
.........#####...##..#.)......#
, ........## #...##..#.........
, .......## #...##..##........,
...###.# * #...#...........#.,
..., .. , , #...#............. ,
,, ,...,, #...#.............,


You could see Aizul and a naga mage.

Vanquished Creatures
  Polyphemus (Shoals:4)
  2 krakens
  4 merfolk javelineers
  3 merfolk impalers (Shoals:4)
  5 hydras
  2 demonspawn (Orc:2)
  An anaconda (Snake:1)
  9 merfolk avatars
  Harold (D:9)
  A catoblepas (Shoals:4)
  Erica (D:8)
  4 satyrs
  4 alligator snapping turtles
  10 death yaks
  4 two-headed ogres
  4 merfolk aquamancers
  Urug (Lair:5)
  5 orc high priests (Orc:2)
  Nergalle (D:10)
  Sonja (Lair:5)
  A soul eater (Orc:2)
  A sixfirhy (Orc:2)
  Lodul (D:10)
  16 sea snakes
  Pikel (D:8)
  14 harpies
  A naga ritualist (Snake:1)
  5 orc knights (Orc:2)
  A mana viper (Snake:1)
  16 manticores
  A cyclops (Shoals:4)
  7 orc sorcerers
  22 fauns
  5 black mambas
  2 apocalypse crabs (Shoals:2)
  A gargoyle (D:11)
  11 elephants
  10 water nymphs
  10 merfolk sirens
  9 cane toads
  Maggie (D:9)
  3 rime drakes
  7 komodo dragons
  3 hornets (Lair:4)
  4 trolls
  3 wind drakes
  27 merfolk
  3 polar bears
  12 snapping turtles
  38 blink frogs
  5 slime creatures (D:11)
  5 wyverns
  7 water elementals
  31 yaks
  3 steam dragons
  An acid dragon (D:11)
  13 water moccasins
  2 nagas
  2 sky beasts
  A hornet zombie (D:7)
  2 black bears
  13 ogres
  27 orc warriors
  16 wolves (Lair:1)
  8 centaurs
  A lemure (D:8)
  2 phantoms (D:4)
  A gnoll sergeant (Orc:1)
  5 scorpions
  14 bullfrogs
  A necrophage (D:6)
  10 wights
  9 killer bees
  3 howler monkeys (D:6)
  5 electric eels
  A centaur zombie (D:7)
  A bullfrog zombie (D:7)
  26 orc priests
  4 hounds
  4 jellies
  A gnoll bouda (D:7)
  An iguana (D:7)
  24 orc wizards
  6 hell rats
  3 killer bee zombies (D:7)
  15 gnolls
  4 adders
  2 shadow imps
  2 white imps
  2 ufetubi
  A worm (D:1)
  A dart slug (D:4)
  65 orcs
  5 ball pythons
  8 bats
  13 endoplasms
  3 giant cockroaches
  3 goblins
  7 hobgoblins
  7 jackals
  4 quokkas
  4 frilled lizards
  10 kobolds
  3 rats
  2 tentacles (Shoals:3)
719 creatures vanquished.

Vanquished Creatures (others)
  3 bushes
  39 fungi
  133 plants
  6 tentacles
  13 withered plants
194 creatures vanquished.

Grand Total: 913 creatures vanquished

Notes
Turn   | Place    | Note
-------+----------+-------------------------------------------
     0 | D:1      | Shayle the Naga Reaver began the quest for the Orb.
     0 | D:1      | Reached XP level 1. HP: 19/19 MP: 3/3
   199 | D:1      | Reached skill level 1 in Stealth
   243 | D:1      | Reached XP level 2. HP: 15/26 MP: 5/5
   569 | D:1      | Found a faded altar of an unknown god.
   572 | D:1      | Reached XP level 3. HP: 33/33 MP: 6/6
  1411 | D:1      | Reached XP level 4. HP: 22/40 MP: 7/7
  1533 | D:2      | Found an ancient bone altar of Kikubaaqudgha.
  1884 | D:3      | Learned a level 4 spell: Airstrike
  2465 | D:3      | Reached XP level 5. HP: 25/49 MP: 8/8
  2813 | D:4      | Identified the +8 falchion of Qiosch {freeze, rF+ MP+9
                  | SInv}
  2900 | D:4      | Found a staircase to the Ecumenical Temple.
  2909 | Temple   | Entered the Ecumenical Temple
  2989 | Temple   | Became a worshipper of Ashenzari the Shackled
  3049 | D:4      | Reached skill level 1 in Air Magic
  3101 | D:4      | Reached XP level 6. HP: 45/56 MP: 9/9
  3435 | D:4      | Found a runed translucent gate.
  3436 | D:4      | Found a runed translucent gate.
  3503 | D:4      | Found Zyonimes's Armour Shop.
  3506 | D:4      | Bought a +0 buckler of reflection for 85 gold pieces
  3723 | D:4      | Found a runed translucent gate.
  3723 | D:4      | Noticed Bediveer's ghost (amateur TeAE)
  3874 | D:4      | Reached XP level 7. HP: 63/63 MP: 10/10
  3987 | D:5      | Entered Level 5 of the Dungeon
  4018 | D:5      | Noticed Menkaure
  4144 | D:5      | Found Ocanypaf's Antique Weapon Emporium.
  4158 | D:5      | Reached skill level 5 in Stealth
  4481 | D:5      | Found Xesyan's Antique Weapon Boutique.
  4551 | D:5      | Found Niarymah's Book Emporium.
  4636 | D:5      | Reached skill level 1 in Necromancy
  4661 | D:5      | Reached XP level 8. HP: 20/72 MP: 11/11
  4959 | D:6      | Reached skill level 5 in Maces & Flails
  5061 | D:6      | Reached skill level 4 in Conjurations
  5445 | D:6      | Identified a scroll of acquirement
  5445 | D:6      | Acquired a ring of magical power
  5464 | D:6      | Reached * piety under Ashenzari
  5894 | D:6      | Reached XP level 9. HP: 80/80 MP: 12/12
  6100 | D:7      | Reached skill level 5 in Fighting
  6951 | D:7      | Reached ** piety under Ashenzari
  7545 | D:7      | Reached skill level 5 in Conjurations
  7682 | D:7      | Reached skill level 1 in Shields
  7706 | D:7      | Reached skill level 1 in Armour
  8418 | D:8      | Noticed Pikel
  8453 | D:8      | Killed Pikel
  8454 | D:8      | Reached skill level 5 in Air Magic
  8454 | D:8      | Reached XP level 10. HP: 91/91 MP: 11/13
  8575 | D:8      | Noticed Erica
  8583 | D:8      | Killed Erica
  9516 | D:9      | Noticed Harold
  9647 | D:9      | Found a staircase to the Lair.
  9806 | D:9      | Killed Harold
  9807 | D:9      | Reached skill level 1 in Unarmed Combat
  9807 | D:9      | Reached skill level 6 in Conjurations
  9807 | D:9      | Reached skill level 1 in Transmutations
 10025 | D:9      | Reached XP level 11. HP: 68/103 MP: 16/16
 10392 | D:9      | Noticed a two-headed ogre
 10399 | D:9      | Killed a two-headed ogre
 10610 | D:9      | Noticed Maggie
 10618 | D:9      | Killed Maggie
 10928 | D:9      | Learned a level 3 spell: Vhi's Electric Charge
 11062 | D:10     | Entered Level 10 of the Dungeon
 11275 | D:10     | Noticed a two-headed ogre
 11289 | D:10     | Killed a two-headed ogre
 11775 | D:10     | Found a staircase to the Orcish Mines.
 11850 | Lair:1   | Entered Level 1 of the Lair of Beasts
 12025 | Lair:1   | Reached skill level 7 in Conjurations
 12210 | Lair:1   | Reached *** piety under Ashenzari
 12657 | Lair:1   | Learned a level 5 spell: Arcjolt
 12665 | Lair:1   | Learned a level 7 spell: Orb of Destruction
 12699 | Lair:1   | Reached XP level 12. HP: 34/116 MP: 5/21
 13817 | Lair:2   | Noticed an eight-headed hydra
 13971 | Lair:2   | Reached skill level 5 in Dodging
 13971 | Lair:2   | Reached skill level 8 in Conjurations
 14605 | Lair:2   | Killed a seven-headed hydra
 14606 | Lair:2   | Reached skill level 5 in Spellcasting
 14623 | Lair:2   | Reached skill level 5 in Transmutations
 14629 | Lair:2   | Reached skill level 5 in Unarmed Combat
 14887 | Lair:2   | Reached skill level 5 in Armour
 15558 | Lair:3   | Noticed a seven-headed hydra
 15570 | Lair:2   | Killed a six-headed hydra
 15737 | Lair:3   | Reached skill level 9 in Conjurations
 15738 | Lair:3   | Noticed a six-headed hydra
 16005 | Lair:2   | Killed a one-headed hydra
 16006 | Lair:2   | Gained mutation: You can use your snake-like lower body to
                  | constrict enemies. [Naga growth]
 16006 | Lair:2   | Reached XP level 13. HP: 40/127 MP: 1/24
 16449 | Lair:3   | Found a staircase to the Shoals.
 16791 | Lair:3   | Found a staircase to the Snake Pit.
 16919 | Lair:3   | Reached skill level 10 in Conjurations
 17092 | Lair:3   | Found a runed translucent door.
 17097 | Lair:3   | Noticed Liwostraq's ghost (journeyman MeFi)
 18593 | Lair:4   | Paralysed by a hornet for 2 turns
 18988 | Lair:5   | Entered Level 5 of the Lair of Beasts
 19168 | Lair:5   | Noticed Urug
 19398 | Lair:5   | Killed Urug
 19883 | Lair:5   | Reached skill level 11 in Conjurations
 20159 | Lair:5   | Noticed Sonja
 20162 | Lair:5   | Killed Sonja
 20572 | Lair:5   | Reached XP level 14. HP: 133/138 MP: 25/25
 20694 | Lair:5   | Found a viscous altar of Jiyva.
 20694 | Lair:5   | Found a staircase to the Slime Pits.
 20903 | Lair:5   | Noticed a dire elephant
 21196 | Lair:4   | Reached skill level 10 in Fighting
 21842 | D:10     | Noticed Nergalle
 21852 | D:10     | Killed Nergalle
 21853 | D:10     | Reached skill level 12 in Conjurations
 21960 | D:10     | Found Fugot's Demolitions Depot.
 22444 | D:11     | Noticed Lodul
 22527 | D:10     | Killed Lodul
 22953 | D:11     | Reached **** piety under Ashenzari
 23188 | D:11     | Reached skill level 1 in Poison Magic
 23934 | Orc:1    | Entered Level 1 of the Orcish Mines
 24116 | Orc:2    | Entered Level 2 of the Orcish Mines
 24573 | Orc:2    | Found a staircase to the Elven Halls.
 24976 | Orc:2    | Found Jurir's Magic Scroll Boutique.
 25506 | Orc:2    | Found Atac's General Store.
 25514 | Orc:2    | Found Seduamiq's General Store.
 26542 | Orc:2    | Reached XP level 15. HP: 117/150 MP: 11/27
 26676 | Orc:2    | Found Moiprow's Jewellery Emporium.
 26676 | Orc:2    | Found a one-way gate leading to the halls of Pandemonium.
 26676 | Orc:2    | Found Metoec's Antique Weapon Shoppe.
 26826 | Orc:2    | Bought a scroll of acquirement for 832 gold pieces
 26827 | Orc:2    | Acquired 487 gold pieces
 26867 | Orc:2    | Bought the +3 hat of Pondering {ponderous, Will+ MP+10
                  | Int+5} for 533 gold pieces
 26867 | Orc:2    | Found the +3 hat of Pondering {ponderous, Will+ MP+10
                  | Int+5}
 27464 | Orc:1    | Found a shimmering blue altar of Sif Muna.
 27729 | D:5      | Bought a Trismegistus Codex for 308 gold pieces
 27735 | D:5      | Learned a level 5 spell: Freezing Cloud
 27932 | Shoals:1 | Entered Level 1 of the Shoals
 28100 | Shoals:1 | Reached skill level 5 in Poison Magic
 28461 | Shoals:1 | Acquired 756 gold pieces
 28462 | Shoals:1 | Acquired the Folio of Mutable Pollution
 28466 | Shoals:1 | Acquired a book of Annihilations
 28794 | Shoals:1 | Reached skill level 1 in Fire Magic
 29952 | Shoals:2 | Reached skill level 13 in Conjurations
 30185 | Shoals:2 | Found a runed translucent door.
 30191 | Shoals:2 | Found a corrupted altar of Lugonu.
 30191 | Shoals:2 | Found a one-way gate to the infinite horrors of the Abyss.
 31916 | Shoals:3 | Found Tootishra's Jewellery Shop.
 31931 | Shoals:3 | Bought the ring "Nemugrijan" {+Blink Will+++ Str+6 Int+4
                  | Stlth-} for 1275 gold pieces
 32513 | Shoals:3 | Reached XP level 16. HP: 107/160 MP: 22/29
 32520 | Shoals:3 | Reached skill level 1 in Ranged Weapons
 33300 | Shoals:3 | Noticed a kraken
 33344 | Shoals:3 | Killed a kraken
 33571 | Shoals:4 | Entered Level 4 of the Shoals
 33571 | Shoals:4 | Noticed Polyphemus
 33579 | Shoals:3 | Learned a level 4 spell: Olgreb's Toxic Radiance
 33583 | Shoals:3 | Learned a level 3 spell: Ignite Poison
 33813 | Shoals:4 | Reached skill level 10 in Transmutations
 33817 | Shoals:4 | Reached skill level 10 in Unarmed Combat
 33883 | Shoals:4 | Identified the +1 ring mail of the Durable God {rF+ Int+2
                  | Dex+2}
 35093 | Shoals:4 | Reached skill level 10 in Air Magic
 35336 | Shoals:4 | Got a barnacled rune of Zot
 35536 | Shoals:4 | Noticed a kraken
 35542 | Shoals:4 | Killed a kraken
 35955 | Shoals:4 | Killed Polyphemus
 35956 | Shoals:4 | Reached XP level 17. HP: 94/168 MP: 7/32
 36436 | Snake:1  | Entered Level 1 of the Snake Pit
 36501 | Snake:1  | Noticed Aizul
 36516 | Snake:1  | HP: 4/170 [Aizul (9)]
 36517 | Snake:1  | Killed from afar by Aizul

Illustrated notes

Levels and vault maps discovered:
D:1:      dpeg_arrival_brainrot, layout_basic,
          shapermc_ecumenical_altar_flowoftime
D:2:      layout_rooms, basic_altar, minmay_misc_feat_pillars
D:3:      wander_river, layout_basic
D:4:      minmay_chambers_of_threes, layout_cave_pods,
          minmay_temple_entry_statues_fountains, serial_shops, kennysheep_mini,
          gammafunk_ghost_nasty_kobolds
D:5:      layout_basic, serial_shops, nicolae_inconvenience_store, shop,
          nicolae_lakefront_shop, shop, nicolae_elevator_lobby_asterisk,
          uniq_menkaure
D:6:      layout_loops_ring, nicolae_titane
D:7:      layout_loops_ring, serial_undead, serial_undead_d, serial_undead_e,
          serial_undead_f, serial_undead_e, serial_undead_c, serial_undead_b,
          kennysheep_potato
D:8:      layout_loops_corners, minivault_21, uniq_pikel, uniq_erica
D:9:      layout_gridville, lair_entry_dummy, uniq_harold, uniq_maggie
D:10:     statuecave_lemuel, layout_rooms, david_orc_3, st_stairs_1,
          grunt_decor_fettered, hangedman_abyss_or_decor_lesser_grid,
          nicolae_blasting_shop, uniq_nergalle
D:11:     layout_basic, nicolae_sextant, nicolae_figureground_pulse, uniq_lodul
Temple:   hellmonk_choose_your_character
Lair:1:   layout_chaotic_city, grunt_megastairs_5
Lair:2:   layout_small_grid, grunt_megastairs_2
Lair:3:   layout_loops_ring, elwin_shoals_entry_rocks,
          guppyfry_snake_entry_garden, ebering_ghost_inner_flame,
          grunt_megastairs_1, uniq_nessos
Lair:4:   layout_long_grid, dreamdust_wasp_nest
Lair:5:   gammafunk_lair_ancient_temple, layout_concentric_octagons,
          slime_entry_1, uniq_sonja, uniq_urug
Shoals:1: cheibrodos_shoals_satyrical_garden, layout_shoals
Shoals:2: layout_shoals, nicolae_shoals_abyss_on_the_beach
Shoals:3: layout_shoals, serial_shops, nicolae_shop_advertising_works
          [nicolae_subvault_shop_adworks],
          nicolae_shoals_nymph_descending_staircase
Shoals:4: shoals_end_simple, layout_shoals, uniq_polyphemus
Snake:1:  layout_gridlike, uniq_aizul, uniq_kirke
Orc:1:    layout_diamond_mine, dreamdust_deal_with_the_devil,
          kennysheep_orc_sif_temple
Orc:2:    pf_orc_diabolical, layout_diamond_mine, special_room, basic_altar,
          serial_shops, shop, minmay_orc_temple_a

Skill      XL: |  1  2  3  4  5  6  7  8  9 10 11 12 13 14 15 16 |
---------------+-------------------------------------------------+-----
Stealth        | 1 2 3 4 5 6 7 |  7.6
Dodging        | 2 3 4 5 |  5.3
Fighting       | 3 4 6 7 8 9 10 11 12 | 12.1
Air Magic      | 1 2 3 5 6 7 8 9 10 | 10.2
Maces & Flails | 4 5 6 |  6.8
Necromancy     | 1 2 4 |  4.8
Conjurations   | 4 5 6 7 9 11 12 13 | 13.6
Shields        | 2 |  2.9
Armour         | 1 3 4 5 |  5.0
Unarmed Combat | 1 3 5 7 8 9 10 | 10.4
Transmutations | 2 4 5 7 8 9 10 | 10.4
Spellcasting   | 4 5 6 8 |  8.3
Poison Magic   | 4 6 8 |  8.4
Fire Magic     | 2 4 |  4.7
Ranged Weapons | 3 |  3.3

Action                   |  1- 3 |  4- 6 |  7- 9 | 10-12 | 13-15 | 16-18 || total
-------------------------+-------+-------+-------+-------+-------+-------++-------
Melee: Mace              |   114 |    43 |       |       |       |       ||   157
       Falchion          |       |    48 |   183 |   201 |   153 |    75 ||   660
       Scimitar          |       |       |       |    30 |    53 |       ||    83
       Constrict         |       |       |       |       |    47 |    22 ||    69
Throw: Throwing net      |       |       |       |     2 |     3 |       ||     5
 Cast: Airstrike         |       |       |    39 |   200 |   479 |    73 ||   791
       Vhi's Electric Ch |       |       |       |     5 |     6 |       ||    11
       Arcjolt           |       |       |       |    24 |    42 |     2 ||    68
       Kiss of Death     |       |       |       |     1 |       |       ||     1
       Orb of Destructio |       |       |       |       |    65 |    32 ||    97
       Freezing Cloud    |       |       |       |       |    18 |    36 ||    54
       Olgreb's Toxic Ra |       |       |       |       |       |    17 ||    17
       Ignite Poison     |       |       |       |       |       |    17 ||    17
Invok: Curse Item        |       |     1 |     2 |     2 |     1 |       ||     6
 Abil: Spit Poison       |    37 |    31 |    24 |    13 |    15 |     2 ||   122
Evoke: Wand              |       |       |     6 |    18 |    22 |    16 ||    62
  Use: Scroll            |     3 |     4 |    11 |     2 |     8 |     1 ||    29
       Potion            |       |       |     3 |     2 |     5 |     4 ||    14
 Stab: Invisible         |       |       |     2 |       |       |       ||     2
       Sleeping          |       |       |     3 |     1 |     1 |       ||     5
       Distracted        |       |       |     1 |       |       |       ||     1
       Paralysed         |       |       |     9 |    10 |       |       ||    19
       Held in net/web   |       |       |       |     3 |       |       ||     3
Armor: Leather armour    |    44 |    47 |    80 |       |       |       ||   171
       Robe              |       |       |       |   154 |   159 |    43 ||   356
Dodge: Dodged            |   103 |    75 |   111 |   253 |   206 |    66 ||   814
Block: Buckler           |       |       |    29 |   157 |   133 |    54 ||   373
       Reflection        |       |       |       |     1 |    13 |    12 ||    26

Table legend: (Time is in decaauts)
 A = Elapsed time spent in this place.
 B = Non-inter-level travel time spent in this place.
 C = Inter-level travel time spent in this place.
 D = Time resting spent in this place.
 E = Time spent auto-exploring this place.
 F = Levels seen in this place.
 G = Mean time per level.
                   A        B        C        D        E       F      G
               +--------+--------+--------+--------+--------+-----+--------+
         Total |  43187 |  40612 |   2575 |  14988 |  17505 |  24 | 1799.5 |
       Dungeon |  17818 |  16544 |   1274 |   3749 |   9111 |  11 | 1619.8 |
        Temple |    142 |    112 |     30 |      0 |      0 |   1 |  142.0 |
          Lair |  11001 |  10398 |    603 |   5039 |   3568 |   5 | 2200.2 |
        Shoals |   9919 |   9596 |    323 |   4412 |   3470 |   4 | 2479.8 |
     Snake Pit |     97 |     97 |      0 |      0 |     58 |   1 |   97.0 |
  Orcish Mines |   4208 |   3866 |    342 |   1788 |   1296 |   2 | 2104.0 |
               +--------+--------+--------+--------+--------+-----+--------+

Top non-repeatable levels by time:
   Orc:2: 3261 daAuts
  Lair:4: 3135 daAuts
Shoals:3: 3017 daAuts
Shoals:4: 2862 daAuts
  Lair:1: 2725 daAuts
  Lair:2: 2492 daAuts
Shoals:2: 2446 daAuts
     D:9: 2243 daAuts
     D:6: 2185 daAuts
     D:8: 1968 daAuts
    D:11: 1815 daAuts
    D:10: 1728 daAuts
     D:1: 1727 daAuts
     D:7: 1666 daAuts
  Lair:3: 1644 daAuts
